AoeStats
← Axel_93

Migration

509822077Analyzed
1v1 RM · 4d ago on Sep 28, 2026· 43m 58s· 2 players
Game mode
Random Map
Map size
132×132
Population
200
Speed
Normal
Resources
Standard
Victory
Conquest
Starting age
Dark Age
Ending age
Imperial Age
RankedLock teamsTeams togetherTeam positionsShared explorationLock speedFull tech treeHidden civsTurbo modeCheats
Victory
Defeat
🇦🇷 Armenians · Argentina
827
+13
🇺🇸 Japanese · United States
768
-13
GJBrannock
11:36 Feudal Age
12:06 Double-Bit Axe
12:56 Fishing Lines
16:01 Town Watch
16:02 Loom
19:07 Castle Age
20:12 Fletching
20:59 Medium Warships
27:17 Bodkin Arrow
30:28 Clinker Construction
30:30 Careening
30:41 Ballistics
30:02 Treadmill Crane
31:38 Bow Saw
32:13 Wheelbarrow
35:45 Padded Archer Armor
35:48 Scale Mail Armor
41:20 Imperial Age
43:56 Heavy Warships
Axel_93
12:42 Feudal Age
13:29 Double-Bit Axe
17:11 Castle Age
15:40 Gold Mining
16:17 Fletching
18:05 Medium Warships
19:59 Bodkin Arrow
21:27 Bow Saw
23:16 Town Watch
24:31 Loom
26:13 Town Patrol
26:49 Wheelbarrow
30:12 Gold Shaft Mining
32:55 Hand Cart
33:31 Horse Collar
37:54 Imperial Age
38:15 Ballistics
39:06 Conscription
38:52 Fereters
38:51 Bracer
39:21 Heavy Warships
40:13 Stone Mining
41:40 Padded Archer Armor
41:36 Light Cavalry
43:43 Chemistry
Connection lost

Rejoining the realm…

Still unreachable

The connection could not be restored.

Session expired

The server has moved on; the page needs a fresh start.